AoeStats
← SteeveBalboni

Arabia

509998990Analyzed
1v1 RM · 3d ago on Sep 29, 2026· 52m 24s· 2 players
Game mode
Random Map
Map size
Tiny (2 player)
Population
200
Speed
Normal
Resources
Standard
Victory
Conquest
Starting age
Dark Age
Ending age
Imperial Age
RankedLock teamsTeams togetherTeam positionsShared explorationLock speedFull tech treeHidden civsTurbo modeCheats
Victory
Defeat
🇨🇳 Burgundians · China
698
+17
🇨🇦 Franks · Canada
685
-35
SteeveBalboni
11:30 Feudal Age
11:05 Loom
13:17 Wheelbarrow
14:09 Double-Bit Axe
22:48 Castle Age
23:50 Husbandry
24:10 Scale Barding Armor
27:40 Forging
27:26 Fletching
27:58 Elite Skirmisher
31:49 Gold Mining
31:51 Stone Mining
36:29 Hand Cart
43:32 Imperial Age
42:12 Iron Casting
43:37 Cavalier
47:51 Murder Holes
50:16 Town Watch
50:30 Guard Tower
51:14 Ballistics
流口水
11:24 Feudal Age
18:59 Castle Age
16:50 Double-Bit Axe
17:45 Wheelbarrow
16:56 Horse Collar
18:00 Forging
20:48 Bow Saw
20:43 Heavy Plow
22:02 Husbandry
23:04 Hand Cart
24:07 Crop Rotation
25:53 Stone Mining
27:49 Stone Shaft Mining
29:27 Two-Man Saw
28:36 Scale Barding Armor
34:53 Iron Casting
34:39 Chain Barding Armor
39:32 Imperial Age
37:08 Scale Mail Armor
37:24 Guilds
38:07 Gold Mining
39:39 Murder Holes
40:04 Ballistics
39:25 Treadmill Crane
39:56 Masonry
40:33 Burgundian Vineyards
40:50 Conscription
39:52 Elite Coustillier
41:20 Gold Shaft Mining
41:50 Squires
41:37 Arson
41:14 Pikeman
41:23 Cavalier
45:25 Architecture
45:57 Chemistry
46:25 Blast Furnace
46:01 Plate Barding Armor
45:42 Chain Mail Armor
45:33 Capped Ram
51:20 Hoardings
52:51 Plate Mail Armor
52:22 Padded Archer Armor
52:13 Fletching
Connection lost

Rejoining the realm…

Still unreachable

The connection could not be restored.

Session expired

The server has moved on; the page needs a fresh start.